 Dungeon Crawl Stone Soup version 0.23.0-3-gf3c87f2 (webtiles) character file.

Game seed: 1055526496912080025

44 misha the Poker (level 3, -2/28 HPs)
             Began as a Merfolk Gladiator on Feb 22, 2019.
             Slain by a bullfrog (3 damage)
             ... on level 3 of the Dungeon.
             The game lasted 00:07:13 (2062 turns).

misha the Poker (Merfolk Gladiator)                 Turns: 2062, Time: 00:07:14

Health: -2/28      AC:  4    Str: 15    XL:     3   Next: 62%
Magic:  3/3        EV: 13    Int:  7    God:
Gold:   102        SH:  3    Dex: 15    Spells: 2/2 levels left

rFire    . . .     SeeInvis .   a - +0 trident
rCold    . . .     Gourm    .   s - +0 buckler
rNeg     . . .     Faith    .   g - +0 leather armour
rPois    .         Spirit   .   c - +0 helmet
rElec    .         Reflect  .   (no cloak)
rCorr    .         Harm     .   (no gloves)
MR       .....                  (no boots)
Stlth    +.........             (no amulet)
HPRegen  0.09/turn              (no ring)
MPRegen  0.08/turn              (no ring)

@: no status effects
A: change form in water, swift swim, stealthy swim
a: no special abilities


You were on level 3 of the Dungeon.
You were not hungry.

You visited 1 branch of the dungeon, and saw 3 of its levels.

You collected 102 gold pieces.

Inventory:

Hand Weapons
 a - a +0 trident (weapon)
 b - a +0 long sword
 q - a +0 dagger
 u - a +0 hand axe
 w - a +0 quarterstaff
Missiles
 d - 3 throwing nets (quivered)
 e - 40 bolts
 k - 29 stones
 p - 45 sling bullets
Armour
 c - a +0 helmet (worn)
 g - a +0 leather armour (worn)
 s - a +0 buckler (worn)
Scrolls
 h - a scroll of immolation {unknown}
 l - a scroll of magic mapping {unknown}
 m - a scroll of teleportation {unknown}
 o - a scroll of noise {unknown}
 r - a scroll of identify {unknown}
 t - a scroll of remove curse {unknown}
 x - a scroll of enchant armour {unknown}
Potions
 i - a potion of heal wounds {unknown}
 j - a potion of cancellation {unknown}
 n - 2 potions of curing {unknown}
 v - a potion of degeneration {unknown}
Comestibles
 f - 6 rations


   Skills:
 + Level 2.9 Fighting
 + Level 5.2 Polearms
 - Level 2.0 Throwing
 + Level 1.0 Armour
 - Level 4.2 Dodging


You had 2 spell levels left.
You didn't know any spells.
Your spell library was empty.

Dungeon Overview and Level Annotations

Branches:
Dungeon (3/15)

Altars:
Fedhas
Trog
Wu Jian


Message History

* * * LOW HITPOINT WARNING * * *
You block the leopard gecko's attack.
The bullfrog hits you but does no damage.
The bullfrog swells and bulges.
The bullfrog barely misses you. The hobgoblin misses you.
The bullfrog closely misses you. x2
You block the hobgoblin's attack. The leopard gecko bites you.
* * * LOW HITPOINT WARNING * * *
The bullfrog barely misses you. The leopard gecko misses you.
The bullfrog barely misses you. The bullfrog closely misses you.
The bullfrog closely misses you.
The bullfrog hits you but does no damage.
The leopard gecko misses you. The hobgoblin hits you with a +0 club.
* * * LOW HITPOINT WARNING * * *
The bullfrog hits you.
You die...

#.. .... #.##.........# ##.#
#.###.##.........# #...#
#..##.##.........#
.....##...#.##.........#########
....!.#<.............#..........
.._.......#.....................
......#.#.#..........#..........
.....##.#.#.##.......###########
#...# #.#.#.##.@.....# ##.#
#.#...##.Fg....# #.
#.##.....l..#.##### .
#.##..###.........#
#g##..#...........#
#.##..#.#.........#
#.##.>............#
#.#####...........#
#.................#


You could see a bullfrog, a leopard gecko and a hobgoblin.

Vanquished Creatures
  An ooze (D:2)
  A dart slug (D:1)
  A leopard gecko (D:1)
  An orc (D:2)
  A ball python (D:2)
  5 bats
  4 giant cockroaches
  7 goblins
  A hobgoblin (D:1)
  3 jackals (D:1)
  A frilled lizard (D:1)
  5 kobolds
  A rat (D:2)
32 creatures vanquished.

Notes
Turn   | Place    | Note
-------+----------+-------------------------------------------
     0 | D:1      | misha the Merfolk Gladiator began the quest for the Orb.
     0 | D:1      | Reached XP level 1. HP: 16/16 MP: 1/1
   155 | D:1      | Reached XP level 2. HP: 21/23 MP: 2/2
   473 | D:1      | Reached skill level 5 in Polearms
   571 | D:1      | Reached XP level 3. HP: 28/28 MP: 3/3
   925 | D:2      | Reached skill level 1 in Armour
  1272 | D:2      | Found an ornate altar of the Wu Jian Council.
  1272 | D:2      | Found a bloodstained altar of Trog.
  1868 | D:3      | Found a blossoming altar of Fedhas.
  2016 | D:3      | Noticed a bullfrog
  2062 | D:3      | HP: 1/28 [hobgoblin/+0 club (3)]
  2062 | D:3      | Slain by a bullfrog

Skill      XL: |  1  2  3 |
---------------+----------+-----
Polearms       | 5 |  5.2
Armour         | 1 |  1.0
Fighting       | |  2.9
Throwing       | |  2.0
Dodging        | |  4.2

Action                   || total
-------------------------++-------
Melee: Trident           ||    97
 Stab: Sleeping          ||     2
  Eat: Chunk             ||     2
       Ration            ||     1
Armor: Leather armour    ||    26
Dodge: Dodged            ||    79
Block: Buckler           ||     6
